 Dungeon Crawl Stone Soup version 0.23-a0-175-g97aacdb (webtiles) character file.

257 nubinia the Shield-Bearer (level 5, 22/49 HPs)
             Began as a Deep Dwarf Fighter on Sept 16, 2018.
             Was a Follower of Ashenzari.
             Quit the game on level 4 of the Dungeon.
             The game lasted 00:20:38 (3267 turns).

nubinia the Shield-Bearer (Deep Dwarf Fighter)      Turns: 3267, Time: 00:20:38

Health: 22/49      AC:  9    Str: 20    XL:     5   Next: 93%
Magic:  4/4        EV:  8    Int:  9    God:    Ashenzari [*.....]
Gold:   185        SH: 10    Dex: 12    Spells: 4/4 levels left

rFire    + . .     SeeInvis .   a - +1 war axe (curse)
rCold    . . .     Gourm    .   c - +0 shield (curse)
rNeg     . . .     Faith    .   h - +0 scale mail {rF+}
rPois    .         Spirit   .   l - +1 helmet
rElec    +         Reflect  .   (no cloak)
rCorr    .         Harm     .   (no gloves)
MR       .....     Clarity  +   (no boots)
Stlth    ..........             (no amulet)
HPRegen  0.00/turn              (no ring)
MPRegen  0.09/turn              (no ring)

@: non-regenerating
A: damage resistance, heal wounds, clarity, sense surroundings 1, electricity
resistance, no regeneration
a: Heal Wounds, Curse Item, Scrying, Renounce Religion


You were on level 4 of the Dungeon.
You worshipped Ashenzari.
Ashenzari was aware of your devotion.
You were very hungry.

You visited 1 branch of the dungeon, and saw 4 of its levels.

You collected 185 gold pieces.

Inventory:

Hand Weapons
 a - a cursed +1 war axe (weapon)
Missiles
 u - 93 stones (quivered)
 w - a throwing net
Armour
 b - a +0 scale mail
 c - a cursed +0 shield (worn)
 h - a +0 scale mail of fire resistance (worn)
 l - a +1 helmet (worn)
Scrolls
 j - 2 scrolls of identify
 k - a scroll of remove curse
 n - 3 scrolls of enchant armour
 p - a scroll of blinking
 q - a scroll of magic mapping
 r - a scroll of amnesia
 s - 3 scrolls of teleportation
Potions
 d - a potion of might
 e - a potion of haste
 g - 2 potions of lignification
 i - a potion of flight
Comestibles
 f - 6 rations


   Skills:
 + Level 3.4 Fighting
 + Level 4.4 Axes
 + Level 1.0 Throwing
 + Level 4.1 Armour
 + Level 0.9 Dodging
 + Level 4.6 Shields


You had 4 spell levels left.
You didn't know any spells.
Your spell library was empty.

Dungeon Overview and Level Annotations

Branches:
Dungeon (4/15)
 Temple: D:4-7

Altars:
Ashenzari
The Shining One

Shops:
D:4 [


Innate Abilities, Weirdness & Mutations

You are resistant to damage.
You can heal yourself by infusing magical energy.
You passively map a small area around you.
You do not regenerate.
You possess an exceptional clarity of mind.
You are resistant to electric shocks. (rElec)


Message History

You completely miss the hound skeleton.
The hound skeleton is heavily damaged.
You block the hound skeleton's attack. x2
You slash the hound skeleton!
You destroy the hound skeleton!
Your Throwing skill increases to level 1!
You now have 185 gold pieces (gained 31).
An iguana comes into view.
The iguana hisses angrily.
You closely miss the iguana. The iguana bites you!
You are too injured to fight recklessly!
You are too injured to fight recklessly!
You are too injured to fight recklessly!
You are too injured to fight recklessly!
You are too injured to fight recklessly!
Saving game... please wait.
Welcome back, nubinia the Deep Dwarf Fighter.
Ashenzari says: Partake of my vision.
Partake of my curse.
Press ? for a list of commands and other information.
Are you sure you want to abandon this character and quit the game? (Confirm

, , ##. , )# ##..##########,
..# #.......#..... * *#..
##.....?......., * #..
*####.............. *##..
................... , ,...
..........l........., ###..
*........∩.@..........*#.<..
#.....................##....
#.....................).....
#....................##.....
#..........................#
#..^......#####....#...#...#
#.........# #..#..##......
#.........# #.### ,##.....
######.### #.# *#.###...#


You could see an iguana.

Vanquished Creatures
  An orc priest (D:3)
  A jelly (D:3)
  A hound skeleton (D:4)
  4 gnolls
  5 adders
  A worm (D:3)
  4 dart slugs
  A leopard gecko (D:3)
  5 orcs
  2 ball pythons (D:1)
  6 giant cockroaches
  10 goblins
  7 hobgoblins
  9 jackals
  A quokka (D:3)
  9 bats
  5 frilled lizards
  8 kobolds
  6 rats
86 creatures vanquished.

Notes
Turn   | Place    | Note
-------+----------+-------------------------------------------
     0 | D:1      | nubinia the Deep Dwarf Fighter began the quest for the Orb.
     0 | D:1      | Reached XP level 1. HP: 20/20 MP: 1/1
   109 | D:1      | Reached XP level 2. HP: 22/27 MP: 2/2
   240 | D:1      | Found a shattered altar of Ashenzari.
   262 | D:1      | Became a worshipper of Ashenzari the Shackled
   475 | D:1      | Reached XP level 3. HP: 28/34 MP: 3/3
  1004 | D:2      | Reached XP level 4. HP: 31/42 MP: 4/4
  1702 | D:2      | Gained mutation: You are resistant to electric shocks.
                  | (rElec) [potion of mutation]
  1702 | D:2      | Gained mutation: You possess an exceptional clarity of
                  | mind. [potion of mutation]
  1759 | D:3      | Reached * piety under Ashenzari
  1775 | D:3      | Reached XP level 5. HP: 13/49 MP: 5/5
  1917 | D:3      | Found a glowing golden altar of the Shining One.
  2224 | D:3      | HP: 2/49 [orc/trident (4)]
  3249 | D:4      | Found Sigi's Antique Armour Boutique.
  3254 | D:4      | Reached skill level 1 in Throwing
  3267 | D:4      | Quit the game

Vault maps used:
D:1:      tarquinn_simple_flora_water_a, minivault_4, evilmike_ruin_ashenzari
D:2:      kennysheep_six_static_rooms, first_ration, minmay_ruptured
D:3:      nicolae_tso_carved_into_rock
D:4:      serial_shops, shop, uniq_sigmund

Skill      XL: |  1  2  3  4  5 |
---------------+----------------+-----
Axes           | 3 4 |  4.4
Fighting       | 3 |  3.4
Shields        | 4 |  4.6
Armour         | 4 |  4.1
Throwing       | 1 |  1.0
Dodging        | |  0.9

Action                   |  1- 3 |  4- 6 || total
-------------------------+-------+-------++-------
Melee: War axe           |   116 |   175 ||   291
Throw: Stone             |       |    47 ||    47
       Throwing net      |       |     2 ||     2
Invok: Curse Item        |     2 |       ||     2
 Abil: Heal Wounds       |       |     2 ||     2
  Use: Potion            |     2 |     7 ||     9
       Scroll            |       |    10 ||    10
  Eat: Chunk             |     1 |     6 ||     7
Armor: Scale mail        |    51 |    75 ||   126
       Skin              |       |    22 ||    22
Dodge: Dodged            |    39 |    42 ||    81
Block: Shield            |    53 |   124 ||   177

Table legend:
 A = Non-vault XP
 B = Vault XP
 C = Vault XP percentage of total XP
 D = Non-vault monster count
 E = Vault monster count
 F = Vault count percentage of total count
                 A         B        C        D         E       F
            +---------+---------+-------+---------+---------+-------
      Total |     355 |      13 |   3.5 |      78 |       8 |   9.3
            +---------+---------+-------+---------+---------+-------
        D:1 |      49 |       0 |   0.0 |      19 |       0 |   0.0
        D:2 |     100 |      13 |  11.5 |      24 |       8 |  25.0
        D:3 |     184 |       0 |   0.0 |      33 |       0 |   0.0
        D:4 |      22 |       0 |   0.0 |       2 |       0 |   0.0
            +---------+---------+-------+---------+---------+-------
